 Seeded DCSS version 0.30.1-4-g462c640d31 (webtiles) character file.

Game seed: 6351066067085065685 (custom seed)

13696 Esekla the Thaumaturge (level 11, -9/60 HPs)
             Began as a Deep Elf Necromancer on Aug 27, 2023.
             Was an Initiate of Vehumet.
             Mangled by an ogre
             ... wielding a +0 giant club
             ... led by Lodul
              (10 damage)
             ... while petrified by a basilisk
             ... on level 11 of the Dungeon.
             The game lasted 01:24:35 (11788 turns).

Esekla the Thaumaturge (Deep Elf Necromancer)      Turns: 11788, Time: 01:24:35

Health: -9/60      AC:  9    Str:  5    XL:     11   Next: 79%
Magic:  23/30      EV:  2    Int: 30    God:    Vehumet [......]
Gold:   172        SH:  0    Dex: 15    Spells: 4/37 levels left

rFire   . . .        c - +5 long sword
rCold   + . .        E - +0 buckler
rNeg    + + +        Q - +0 steam dragon scales
rPois   ∞            K - +1 helmet
rElec   .            I - +0 cloak
rCorr   .            f - +0 pair of gloves
SInv    .            (no boots)
Will    +....        y - amulet of magic regeneration
Stlth   ++           Y - ring of the Mage {Wiz Archmagi}
HPRegen 0.30/turn    X - ring of Descent {rPois rC+ Int+5 Stlth-}
MPRegen 0.62/turn

%: wizardry (x1), archmagi
@: petrified, studying Fighting
A: no striking features
a: Renounce Religion


You were on level 11 of the Dungeon.
You worshipped Vehumet.
Vehumet was noncommittal.
You visited 1 branch of the dungeon, and saw 13 of its levels.
You also visited: Trove and Bailey.

You collected 886 gold pieces.
You spent 714 gold pieces at shops.

Inventory:

Hand Weapons
 a - a +2 vampiric dagger
 c - a +5 long sword (weapon)
 r - a +4 trident of venom
 s - the +5 rapier of the Hero {heavy, rN+ Dex+3}
   (You found it on level 3 of the Dungeon)

   Dex:       It affects your dexterity (+3).
   rN:        It protects you from negative energy.
 L - a +2 rapier of venom
Missiles
 k - 4 boomerangs (quivered)
 w - 49 poisoned darts
 H - 6 curare-tipped darts
Armour
 f - a +0 pair of gloves (worn)
 o - a +0 troll leather armour
 E - a +0 buckler (worn)
 I - a +0 cloak (worn)
 K - a +1 helmet (worn)
 Q - +0 steam dragon scales (worn)
Magical Staves
 P - a staff of fire
Jewellery
 y - an amulet of magic regeneration (around neck)
 M - a ring of ice
 T - the ring of Akemeir {Fire Str+4}
   (You found it in a treasure trove)

   [ring of fire]

   It enhances your fire magic.
   Str:       It affects your strength (+4).
   rF:        It protects you from fire.
   rC:        It makes you vulnerable to cold.
 X - the ring of Descent (right hand) {rPois rC+ Int+5 Stlth-}
   (You found it in a treasure trove)

   [ring of protection from cold]

   Int:       It affects your intelligence (+5).
   rC:        It protects you from cold.
   rPois:     It protects you from poison.
   Stlth:     It makes you less stealthy.
 Y - the ring of the Mage (left hand) {Wiz Archmagi}
   (You bought it in a shop on level 2 of the Dungeon)

   [ring of wizardry]

   It improves your spell success rate.
   Archmagi:  It increases the power of your magical spells.
Wands
 q - a wand of roots (17)
 C - a wand of flame (7)
 J - a wand of mindburst (6)
 R - a wand of charming (6)
 V - a wand of digging (16)
Scrolls
 m - 2 scrolls of enchant armour
 p - 5 scrolls of blinking {unknown}
 u - 2 scrolls of fog {unknown}
 v - 2 scrolls of silence
 x - a scroll of magic mapping
 A - 2 scrolls of poison {unknown}
 B - 4 scrolls of enchant weapon {unknown}
 D - 2 scrolls of fear
 F - 2 scrolls of teleportation {unknown}
 G - 3 scrolls of noise {unknown}
 O - 2 scrolls of acquirement
 W - a scroll of amnesia
Potions
 b - 2 potions of magic
 d - 3 potions of ambrosia {unknown}
 e - 3 potions of haste
 g - a potion of heal wounds
 h - 7 potions of attraction {unknown}
 i - 8 potions of curing
 j - 2 potions of mutation
 l - a potion of cancellation
 n - a potion of degeneration {unknown}
 t - 3 potions of brilliance
 z - 2 potions of lignification
 S - 2 potions of flight {unknown}
 U - a potion of might {unknown}


   Skills:
 * Level 3.2 Fighting
 + Level 2.1(2.9) Short Blades
 + Level 2.7(3.0) Long Blades
 + Level 2.1 Throwing
 * Level 1.3 Armour
 * Level 8.1 Dodging
 + Level 4.3 Stealth
 - Level 3.0 Shields
 * Level 13.6 Spellcasting
 + Level 5.4 Conjurations
 * Level 11.5 Necromancy
 + Level 6.0 Translocations
 * Level 1.5 Transmutations
 * Level 2.6 Fire Magic
 * Level 1.6 Ice Magic
 * Level 2.5 Air Magic
 * Level 2.0 Poison Magic
 + Level 0.5 Evocations


You had 4 spell levels left.
You knew the following spells:

 Your Spells              Type           Power      Damage    Failure   Level
a - Magic Dart            Conj           100%       1d8       1%          1
b - Foxfire               Conj/Fire      100%       2x1d9     1%          1
c - Mephitic Cloud        Conj/Pois/Air  57%        N/A       1%          3
d - Vampiric Draining     Necr           94%        2d12      1%          3
e - Momentum Strike       Conj/Tloc      100%       3d10      1%          2
f - Fireball              Conj/Fire      30%        3d13      9%          5
h - Yara's Violent Unrav  Hex/Tmut       18%        3d9       32%         5
j - Necrotise             Necr           100%       1d9       1%          1
t - Teleport Other        Tloc           71%        N/A       1%          3
v - Poisonous Vapours     Pois/Air       100%       N/A       1%          2
w - Wereblood             Tmut           44%        N/A       1%          2
z - Freezing Cloud        Conj/Ice/Air   28%        6-21      12%         5

Your spell library contained the following spells:

 Spells                   Type           Power      Damage    Failure   Level
 Lesser Beckoning         Tloc           100%       N/A       1%          2
 Sublimation of Blood     Necr           94%        N/A       1%          2
 Gell's Gravitas          Tloc           71%        N/A       1%          3
 Hailstorm                Conj/Ice       58%        3d13      1%          3
 Animate Dead             Necr           94%        N/A       1%          4
 Spider Form              Tmut/Pois      46%        N/A       2%          3
 Flame Wave               Conj/Fire      61%        2d14      3%          4
 Cause Fear               Hex            15%        N/A       16%         4
 Agony                    Necr           94%        N/A       1%          5
 Summon Mana Viper        Hex/Summ       30%        N/A       41%         5
 Starburst                Conj/Fire      30%        6d9       43%         6
 Plasma Beam              Fire/Air       26%        2x1d42    61%         6
 Summon Hydra             Summ           15%        N/A       100%        7


Dungeon Overview and Level Annotations

Branches:
Dungeon (13/15)            Temple (0/1) D:6            Lair (0/5) D:11
 Bailey (visited)
    Orc: D:9-12      Vaults: D:13-14

Altars:
Dithmenos
Fedhas
Hepliaklqana
Nemelex Xobeh
Okawaru
Qazlal
Ru
Trog
Uskayaw
Vehumet
Zin
The Shining One

Shops:
D:2 =   D:4 (

Annotations:
D:11 Lodul


Message History

Confirm with . or Enter, or press ? or * to list all spells.
Aiming: Vampiric Draining (safe; 1% risk of failure)
Press: ? - help, Shift-Dir - straight line, f - ogre, p - cyclops
Aim: an ogre, wielding a +0 giant club You feel a surge of power!
You draw life force from the ogre!
You feel life coursing into your body!
The basilisk is engulfed in noxious fumes.
The basilisk appears confused.
The basilisk bites the cyclops!!
The cyclops is killed!
Vehumet accepts your kill. The gnoll sergeant closely misses you.
The ogre barely misses you.
You have turned to stone.
Your Poison Magic skill increases to level 2!
The basilisk is engulfed in noxious fumes.
The basilisk appears confused.
An ogre comes into view. It is wielding a +0 giant club.
The gnoll sergeant hits you from afar with a +0 spear of venom.
The ice beast hits you. The ice beast freezes you! You resist.
The basilisk is engulfed in noxious fumes.
The basilisk bites something!
A gnoll comes into view. It is wielding a +0 halberd.
The ogre hits you with a +0 giant club!!
The gnoll sergeant hits you from afar with a +0 spear of venom.
The ice beast barely misses you.
An ogre comes into view. It is wielding a +0 giant spiked club.
The ogre hits you with a +0 giant club!!
A gargoyle comes into view. It is wielding a +0 flail.
A wolf comes into view.
The ice beast hits you. The ice beast freezes you. You resist.
The basilisk is engulfed in noxious fumes.
The basilisk appears confused.
A gnoll comes into view. It is wielding a +2 spear of venom.
The gnoll sergeant hits you but does no damage.
Electricity crackles from Lodul's apparatus.
The bolt of lightning hits you!!
* * * LOW HITPOINT WARNING * * *
The ogre hits you with a +0 giant club!!
* * * LOW HITPOINT WARNING * * *
The ogre hits you with a +0 giant club!!
You die...

...Y...##....##
###...##~.§.
.............#
#....###~~..
........g..###
#.##..(#≈~..
.......#.~###
#.#########.
.#####.Y....# .. ##..
##..##.#####.# #...
##..#.......#########.##
##..gY......~........##
#####@...##~ yy.~~~..#
.g....OO##....~.~~~~~#:†
.......O. ##..~≈~..~..†
..E.9..### .≈~.~.##.
h##(##O ~~..~ ## #°○ #O
~~.. .#. #. .~. ~.### .#
#. .~ ~.... . ~.#.#


You could see Lodul, an earth elemental, a gargoyle, an ice beast, 4 ogres, a
gnoll sergeant (very poisoned), a wolf (wandering) and 2 gnolls.

Vanquished Creatures
  Harold (D:9)
  3 two-headed ogres
  Pikel (D:6)
  2 orc knights (Bailey)
  3 cyclopes
  Joseph (D:7)
  Psyche (D:11)
  A rime drake (D:11)
  A kobold demonologist (D:9)
  A polar bear (D:11)
  2 trolls (D:12)
  2 centaur simulacra (D:11)
  3 yaks (D:10)
  2 steam dragons
  3 wyverns
  Menkaure (D:7)
  4 ice beasts
  A sky beast (D:6)
  9 orc warriors
  2 black bears
  2 ogres
  2 centaurs
  6 wolves (D:11)
  A phantom (D:7)
  Blork the orc (D:6)
  4 kobold brigands
  3 gnoll sergeants
  2 bullfrogs
  2 scorpions (D:5)
  8 wights
  16 killer bees
  2 quasits
  2 gnoll boudas
  6 hounds
  A jelly (D:6)
  Crazy Yiuf (D:7)
  5 orc priests
  A sleepcap (D:5)
  5 iguanas
  9 orc wizards
  27 gnolls
  8 adders
  3 shadow imps
  9 white imps
  3 ufetubi
  A worm (D:4)
  3 dart slugs
  53 orcs
  4 endoplasms
  9 goblins
  7 hobgoblins
  A quokka (D:1)
  6 ball pythons
  4 bats
  4 frilled lizards
  21 kobolds
  A rat (D:2)
287 creatures vanquished.

Vanquished Creatures (others)
  An ufetubus (D:8)
  An orc (D:7)
2 creatures vanquished.

Grand Total: 289 creatures vanquished

Notes
Turn   | Place    | Note
-------+----------+-------------------------------------------
     0 | D:1      | Esekla the Deep Elf Necromancer began the quest for the
                  | Orb.
     0 | D:1      | Reached XP level 1. HP: 10/10 MP: 6/6
   348 | D:2      | Found Renulab's Jewellery Shop.
   527 | D:4      | Found an iron altar of Okawaru.
   568 | D:4      | Found a glowing silver altar of Zin.
   736 | D:4      | Found a radiant altar of Vehumet.
   740 | D:4      | Became a worshipper of Vehumet
   826 | D:3      | Reached skill level 5 in Necromancy
  1019 | D:3      | Reached XP level 2. HP: 12/15 MP: 8/8
  1186 | D:3      | Identified the +5 rapier of the Hero {heavy, rN+ Dex+3}
  1432 | D:1      | Reached XP level 3. HP: 16/19 MP: 9/9
  1465 | D:1      | Learned a level 3 spell: Vampiric Draining
  1622 | D:1      | Reached * piety under Vehumet
  1622 | D:1      | Offered knowledge of Foxfire by Vehumet.
  1631 | D:1      | Learned a level 3 spell: Teleport Other
  1633 | D:1      | Learned a level 1 spell: Foxfire
  1964 | D:1      | Reached XP level 4. HP: 24/24 MP: 6/11
  2044 | D:2      | Found a faded altar of an unknown god.
  2106 | D:2      | Noticed a black bear
  2125 | D:2      | Killed a black bear
  2126 | D:2      | Reached skill level 1 in Short Blades
  2126 | D:2      | Reached skill level 4 in Spellcasting
  2126 | D:2      | Reached skill level 1 in Translocations
  2126 | D:2      | Reached XP level 5. HP: 26/28 MP: 4/13
  2330 | D:3      | Found a hazy altar of Hepliaklqana.
  2332 | D:3      | Found a bloodstained altar of Trog.
  2333 | D:3      | Found a stormy altar of Qazlal.
  2684 | D:4      | Reached XP level 6. HP: 28/32 MP: 11/15
  2711 | D:4      | Found a glowing golden altar of the Shining One.
  2911 | D:5      | Entered Level 5 of the Dungeon
  2919 | D:5      | Got the Parchment of the Lumpy Olives
  2938 | D:5      | Found a shadowy altar of Dithmenos.
  2998 | D:5      | Reached skill level 1 in Throwing
  2998 | D:5      | Reached skill level 5 in Spellcasting
  3042 | D:5      | Reached ** piety under Vehumet
  3042 | D:5      | Offered knowledge of Magic Dart by Vehumet.
  3045 | D:5      | Learned a level 1 spell: Magic Dart
  3251 | D:4      | Found Ponaysk's Antique Weapon Boutique.
  3470 | D:4      | Reached XP level 7. HP: 26/36 MP: 10/17
  3715 | D:5      | Reached skill level 1 in Conjurations
  3806 | D:5      | Reached skill level 6 in Spellcasting
  4203 | D:5      | Offered knowledge of Momentum Strike by Vehumet.
  4210 | D:5      | Learned a level 2 spell: Momentum Strike
  4460 | D:6      | Found a blossoming altar of Fedhas.
  4541 | D:6      | Reached XP level 8. HP: 29/41 MP: 13/20
  4706 | D:6      | Found a staircase to the Ecumenical Temple.
  4769 | D:6      | Reached skill level 5 in Dodging
  4859 | D:8      | Reached *** piety under Vehumet
  4866 | D:7      | Reached skill level 7 in Spellcasting
  5091 | D:6      | Noticed Pikel
  5109 | D:6      | Killed Pikel
  5110 | D:6      | Reached skill level 1 in Shields
  5110 | D:6      | Reached skill level 8 in Spellcasting
  5300 | D:7      | Noticed Joseph
  5328 | D:7      | Killed Joseph
  5329 | D:7      | Reached XP level 9. HP: 44/45 MP: 18/23
  5421 | D:7      | Offered knowledge of Hailstorm by Vehumet.
  5426 | D:7      | Learned a level 3 spell: Hailstorm
  5734 | D:7      | Noticed Menkaure
  5971 | D:7      | Reached skill level 9 in Spellcasting
  6046 | D:7      | Found a runed translucent door.
  6047 | D:7      | Noticed Crazy Yiuf
  6054 | D:7      | Killed Crazy Yiuf
  6123 | D:7      | Killed Menkaure
  6204 | D:7      | Reached skill level 5 in Translocations
  6574 | D:8      | Reached **** piety under Vehumet
  6721 | D:7      | Reached skill level 10 in Spellcasting
  6952 | D:8      | Noticed a two-headed ogre
  7012 | D:8      | Offered knowledge of Flame Wave by Vehumet.
  7020 | D:8      | Learned a level 4 spell: Flame Wave
  7085 | D:8      | Killed a two-headed ogre
  7086 | D:8      | Reached XP level 10. HP: 50/50 MP: 26/26
  7254 | D:8      | Found a transporter.
  7254 | D:8      | Found a transporter.
  7259 | D:8      | Found a transporter.
  7262 | D:8      | Found a transporter.
  7365 | D:8      | Found a hide-covered altar of Uskayaw.
  7513 | D:8      | Reached skill level 1 in Long Blades
  7853 | D:9      | Noticed a two-headed ogre
  7923 | D:9      | Found a flagged portal.
  7957 | Bailey   | Entered a bailey
  8064 | Bailey   | Reached skill level 10 in Necromancy
  8164 | Bailey   | Identified the +2 bardiche of Puhoisos {heavy, rElec
                  | Stlth+}
  8334 | Bailey   | Noticed an orc knight
  8334 | Bailey   | Noticed an orc knight
  8374 | Bailey   | Killed an orc knight
  8375 | Bailey   | Reached skill level 11 in Spellcasting
  8430 | Bailey   | Killed an orc knight
  8616 | D:9      | Reached skill level 5 in Conjurations
  8652 | D:9      | Reached ***** piety under Vehumet
  8664 | D:9      | Offered knowledge of Yara's Violent Unravelling by Vehumet.
  8669 | D:9      | Noticed a smoke demon
  8700 | D:9      | Reached skill level 1 in Fighting
  8784 | D:9      | Learned a level 5 spell: Yara's Violent Unravelling
  8832 | D:9      | Found a sparkling altar of Nemelex Xobeh.
  8920 | D:9      | Killed a two-headed ogre
  8921 | D:9      | Reached skill level 12 in Spellcasting
  8921 | D:9      | Reached skill level 1 in Fire Magic
  9102 | D:9      | Noticed a cyclops
  9121 | D:9      | Killed a cyclops
  9122 | D:9      | Reached XP level 11. HP: 40/57 MP: 27/29
  9483 | D:9      | Noticed Harold
  9509 | D:10     | Entered Level 10 of the Dungeon
  9678 | D:10     | You fall into a shaft and drop 3 floors!
  9717 | D:12     | Found a portal to a secret trove of treasure.
  9815 | D:12     | Learned a level 5 spell: Fireball
  9934 | D:12     | Noticed a red ugly thing
 10043 | D:12     | Learned a level 2 spell: Wereblood
 10180 | D:12     | Learned a level 3 spell: Mephitic Cloud
 10183 | D:12     | Learned a level 2 spell: Poisonous Vapours
 10191 | D:12     | Learned a level 5 spell: Freezing Cloud
 10215 | Trove    | Entered a treasure trove
 10224 | Trove    | Identified the ring of Akemeir {Fire Str+4}
 10233 | Trove    | Identified the ring of Descent {rPois rC+ Int+5 Stlth-}
 10246 | Trove    | Identified the +3 ring mail "Poady" {+Inv rF+ Dex+2 Slay-4}
 10363 | D:11     | Reached skill level 13 in Spellcasting
 10503 | D:6      | Noticed Blork the orc
 10525 | D:6      | Killed Blork the orc
 10622 | D:2      | Bought the ring of the Mage {Wiz Archmagi} for 714 gold
                  | pieces
 10622 | D:2      | Found the ring of the Mage {Wiz Archmagi}
 10999 | D:9      | Killed Harold
 11000 | D:9      | Reached skill level 1 in Poison Magic
 11207 | D:10     | Found a sacrificial altar of Ru.
 11338 | D:11     | Reached skill level 1 in Air Magic
 11348 | D:11     | Reached skill level 1 in Ice Magic
 11540 | D:11     | Reached skill level 1 in Armour
 11577 | D:11     | Noticed Psyche
 11578 | D:11     | Noticed a two-headed ogre
 11610 | D:11     | Killed a two-headed ogre
 11611 | D:11     | Reached skill level 1 in Transmutations
 11618 | D:11     | Killed Psyche
 11735 | D:11     | Found a staircase to the Lair.
 11784 | D:11     | Noticed Lodul
 11788 | D:11     | HP: 1/60 [ogre/+0 giant club[Lodul] (10)]
 11788 | D:11     | Mangled by an ogre

Illustrated notes

Levels and vault maps discovered:
D:1:      sevenhm_arrival_forest_fort_small_3, layout_rooms,
          chequers_serial_rivers_room_b, minmay_misc_feat_five
D:2:      layout_loops_ring, dreamdust_ecumenical_altar_angels_and_demons,
          serial_shops, shop
D:3:      layout_basic, grunt_temple_overflow_open, minmay_misc_feat_iff
D:4:      layout_basic, nicolae_overflow_quartered_altars, serial_shops,
          nicolae_diamond_shop
D:5:      layout_loops_ring, lemuel_doored_altar, minmay_misc_feat_rows,
          dreamdust_wishing_well
D:6:      layout_loops_cross, fedhas_altar_fruit_tree,
          minmay_temple_entry_glass, uniq_pikel, uniq_blork_the_orc
D:7:      layout_basic, uniq_menkaure, uniq_joseph, uniq_crazy_yiuf_cottage
D:8:      layout_basic, nicolae_uskayaw_dance_hall, serial_demonic,
          serial_demonic_d, serial_demonic_a, serial_demonic_c,
          serial_demonic_c, nicolae_diode_quadrants
D:9:      layout_irregular_city, kennysheep_little_box, enter_bailey_4,
          minmay_between, uniq_harold
D:10:     layout_basic, nicolae_ru_awakened_eye
D:11:     layout_rooms, hellmonk_lair_entry_icy, serial_ice, serial_ice_j,
          serial_ice_m, serial_ice_o, serial_ice_c, serial_ice_g, serial_ice_f,
          guppyfry_shop_earth, uniq_psyche, uniq_lodul
D:12:     layout_roguey, nicolae_trove_entry_crossroad
D:13:     layout_loops_ring, lightli_vaults_fourway_checkpoint

Skill      XL: |  1  2  3  4  5  6  7  8  9 10 11 |
---------------+----------------------------------+-----
Necromancy     | 5 6 7 9 11 | 11.5
Stealth        | 3 4 |  4.3
Dodging        | 3 4 5 6 7 8 |  8.1
Short Blades   | 1 2 |  2.1
Spellcasting   | 4 5 6 8 10 12 13 | 13.6
Translocations | 1 2 4 5 6 |  6.0
Throwing       | 1 2 |  2.1
Conjurations   | 1 2 4 5 |  5.4
Shields        | 1 2 3 |  3.0
Long Blades    | 1 2 |  2.7
Fighting       | 1 3 |  3.2
Fire Magic     | 1 2 |  2.6
Poison Magic   | 2 |  2.0
Air Magic      | 2 |  2.5
Ice Magic      | 1 |  1.6
Armour         | 1 |  1.3
Transmutations | 1 |  1.5
Evocations     | |  0.5

Action                     |  1- 3 |  4- 6 |  7- 9 | 10-12 || total
---------------------------+-------+-------+-------+-------++-------
  Melee: Short sword       |   111 |    66 |       |       ||   177
         Unarmed           |     9 |       |       |       ||     9
         Punch             |     2 |     5 |     1 |       ||     8
         Dagger            |       |    43 |   126 |    96 ||   265
         Rapier            |       |       |    33 |     8 ||    41
         Scimitar          |       |       |    21 |   108 ||   129
         Long sword        |       |       |       |    66 ||    66
  Throw: Dart              |       |    20 |    28 |    29 ||    77
         Boomerang         |       |       |       |     8 ||     8
   Cast: Vampiric Draining |     7 |    29 |    77 |   111 ||   224
         Magic Dart        |       |     2 |     9 |     5 ||    16
         Necrotise         |       |       |     1 |       ||     1
         Teleport Other    |       |       |     3 |     2 ||     5
         Poisonous Vapours |       |       |       |    34 ||    34
         Mephitic Cloud    |       |       |       |     8 ||     8
         Fireball          |       |       |       |     7 ||     7
  Evoke: Wand              |       |       |     9 |    11 ||    20
    Use: Scroll            |     1 |       |    11 |     5 ||    17
         Potion            |       |       |     5 |     1 ||     6
   Stab: Sleeping          |     5 |     2 |     4 |     1 ||    12
         Distracted        |       |     1 |       |       ||     1
         Fleeing           |       |       |     1 |       ||     1
         Confused          |       |       |       |     5 ||     5
 Armour: Robe              |    33 |    16 |    38 |    56 ||   143
         Steam dragon scal |       |       |       |    50 ||    50
  Dodge: Dodged            |    77 |    66 |   169 |   308 ||   620
  Block: Buckler           |       |       |    32 |   106 ||   138
